 Dungeon Crawl Stone Soup version 0.28.0-49-g6dfe1f597d (console) character file.

Game seed: 5035866047144139693

451 Faeu the Skirmisher (level 6, 0/56 HPs)
             Began as a Minotaur Berserker on May 16, 2022.
             Was a Believer of Trog.
             Slain by a centaur zombie (1 damage)
             ... on level 5 of the Dungeon.
             The game lasted 00:03:07 (3277 turns).

Faeu the Skirmisher (Minotaur Berserker)            Turns: 3277, Time: 00:03:08

Health: 0/56       AC:  2    Str: 24    XL:     6   Next: 75%
Magic:  5/5        EV: 12    Int:  4    God:    Trog [**....]
Gold:   153        SH:  0    Dex:  9    Spells: 5/5 levels left

rFire   . . .      SeeInvis .   a - +0 hand axe {axe}
rCold   . . .      Faith    .   (no shield)
rNeg    . . .      Spirit   .   b - +0 animal skin
rPois   .          Reflect  .   (helmet restricted)
rElec   .          Harm     .   (no cloak)
rCorr   .          Rampage  .   (no gloves)
Will    .....                   (no boots)
Stlth   +.........              (no amulet)
HPRegen 0.18/turn               (no ring)
MPRegen 0.09/turn               (no ring)

@: on berserk cooldown
A: horns 2, retaliatory headbutt
a: Renounce Religion, Berserk, Trog's Hand


You were on level 5 of the Dungeon.
You worshipped Trog.
Trog was pleased with you.
You visited 1 branch of the dungeon, and saw 5 of its levels.

You collected 153 gold pieces.


Innate Abilities, Weirdness & Mutations

You have a pair of horns on your head.
You reflexively headbutt those who attack you in melee.


   Skills:
 + Level 5.5 Fighting
 + Level 5.5 Axes
 + Level 4.8 Armour
 + Level 4.4 Dodging


You had 5 spell levels left.
You didn't know any spells.
Your spell library contained the following spells:

 Spells                   Type           Power      Damage    Failure   Level
 Sting                    Tmut/Pois      0%         1d3       50%         1
 Ensorcelled Hibernation  Hex/Ice        0%         N/A       65%         2
 Poisonous Vapours        Pois/Air       0%         N/A       65%         2
 Spider Form              Tmut/Pois      0%         N/A       86%         3
 Anguish                  Hex/Necr       0%         N/A       99%         4
 Olgreb's Toxic Radiance  Pois           0%         N/A       99%         4
 Summon Forest            Summ/Tloc      0%         N/A       100%        5
 Summon Mana Viper        Hex/Summ       0%         N/A       100%        5
 Summon Cactus Giant      Summ           0%         N/A       100%        6

Inventory:

Hand Weapons
 a - a +0 hand axe (weapon) {axe}
 l - a +0 trident of freezing {polearm}
   (You took it off an orc on level 3 of the Dungeon)
Missiles
 m - 17 poisoned darts (quivered) {throwing}
Armour
 b - a +0 animal skin (worn)
 n - a +0 robe of cold resistance
   (You took it off an orc wizard on level 4 of the Dungeon)
Wands
 q - a wand of acid (4)
   (You found it on level 4 of the Dungeon)
 s - a wand of flame (24)
   (You found it on level 4 of the Dungeon)
Scrolls
 c - 2 scrolls of noise {unknown}
 d - a scroll of magic mapping {unknown}
 e - 2 scrolls of identify {unknown}
 i - 2 scrolls of teleportation {unknown}
 j - a scroll of enchant weapon {unknown}
 r - a scroll of immolation {unknown}
Potions
 f - a potion of ambrosia {unknown}
 g - a potion of degeneration {unknown}
 h - 3 potions of heal wounds {unknown}
 k - a potion of brilliance {unknown}
 o - a potion of curing {unknown}
 p - a potion of invisibility {unknown}

Dungeon Overview and Level Annotations

Branches:
Dungeon (5/15)
 Temple: D:4-7

Altars:
Uskayaw
Xom

Shops:
D:2 [   D:3 [(*

Annotations:
D:4 2 transporters, hitsuchi's ghost, amateur DgFE

..........########
#.##...## #. ##.##
##### #.#
......###.##
#....†....#
#......)..#
#..#####..# #.
####..#
#..##.....##
.......@Z..#
#..####...## #
........
......####
#####.## #+#


You could see a centaur zombie.


Message History

Partly explored, unvisited transporter.
No target in view!
Partly explored, unvisited transporter.
No target in view!
Partly explored, unvisited transporter.
No target in view!
(D) Dungeon
Where to? (Enter - D:4, ? - help)
You see here a +0 short sword {short}.
There is a stone staircase leading down here.
You climb downwards.
There is a stone staircase leading up here.
You now have 153 gold pieces (gained 5).
You open the door.
There is an open door here.
An ogre comes into view. It is wielding a +0 giant club.
The ogre shouts!
A black bear comes into view.
There are monsters nearby!
There are monsters nearby!
The black bear misses you. The black bear closely misses you.
The black bear claws you. 😕 HP[-5]
You take 5 damage, and now have 51/56 hp.
There are monsters nearby!
You hit the black bear but do no damage.
You punch the black bear. You hit the ogre but do no damage.
The black bear bites you. The black bear closely misses you.
The black bear misses you.
The ogre hits you with a +0 giant club!!
The black bear barely misses you. You furiously retaliate!
You headbutt the black bear! The black bear claws you.
* * * LOW HITPOINT WARNING * * *
The black bear claws you but does no damage. 😨 HP[-23]
You take 23 damage, and now have 28/56 hp.
MASSIVE DAMAGE!! (PAUSE)
There are monsters nearby!
You are too injured to fight recklessly!
A red film seems to cover your vision as you go berserk!
You feel yourself moving faster!
You feel mighty!
The ogre hits you with a +0 giant club!!
* * * LOW HITPOINT WARNING * * *
The black bear misses you. You furiously retaliate!
You headbutt the black bear! The black bear barely misses you.
The black bear claws you.
* * * LOW HITPOINT WARNING * * *
😱 HP[-10]
You now have 84 max hp (+28).
You barely miss the ogre. Your headbutt misses the ogre.
You hit the black bear.
You kill the black bear!
Trog accepts your kill.
You slash the ogre! The ogre misses you. 😱 HP[+1]
You slash the ogre! You headbutt the ogre.
You kill the ogre!
Trog accepts your kill.
Things that are here:
a +0 giant club {mace}; an ogre corpse You feel a strong urge to attack something.
You feel your anger nearly subside.
You are no longer berserk.
You are exhausted.
You feel yourself slow down. 😱 HP[-6]
You now have 56 max hp (-28). 😱 HP[+1]
You start resting.
There is a strange disturbance nearby! 😨 HP[+6]
You regained 6 hp, and now have 20/56 hp.
Unknown command.
Something hits you.
* * * LOW HITPOINT WARNING * * *
Deactivating autopickup; reactivate with Ctrl-A. 😨 HP[-4]
You take 4 damage, and now have 16/56 hp.
Something hits you.
* * * LOW HITPOINT WARNING * * *
Things that are here:
a +0 giant club {mace}; an ogre corpse; 😱 HP[-4]
You take 4 damage, and now have 12/56 hp.
Something hits you but does no damage. Something barely misses you.
A centaur zombie comes into view.
Something hits you.
* * * LOW HITPOINT WARNING * * *
😱 HP[-5]
You take 5 damage, and now have 7/56 hp.
The centaur zombie hits you.
* * * LOW HITPOINT WARNING * * *
The centaur zombie closely misses you. 😱 HP[-3]
You take 3 damage, and now have 4/56 hp.
You feel yourself speed up. The centaur zombie hits you.
* * * LOW HITPOINT WARNING * * *
The centaur zombie barely misses you. The centaur zombie misses you.
You furiously retaliate!
You headbutt the centaur zombie. The centaur zombie kicks you.
You die...

Skill      XL: |  1  2  3  4  5  6 |
---------------+-------------------+-----
Axes           | 4 5 |  5.5
Fighting       | 4 5 |  5.5
Armour         | 3 4 |  4.8
Dodging        | 3 4 |  4.4

Action                   |  1- 3 |  4- 6 || total
-------------------------+-------+-------++-------
Melee: Hand axe          |    77 |    88 ||   165
       Headbutt          |     9 |    13 ||    22
       Punch             |     1 |     1 ||     2
Invok: Berserk           |     1 |     3 ||     4
Armor: Animal skin       |    16 |    19 ||    35
Dodge: Dodged            |    47 |    59 ||   106

Levels and vault maps discovered:
D:1:      ncdulo_smallfort, layout_loops_ring, chequers_ecumenical_altar_simple
D:2:      layout_loops_ring, serial_shops, shop
D:3:      layout_loops_ring, mainiacjoe_overflow_six_doors_small,
          xom_teletrap_fun, serial_shops, nicolae_shop_hallway_plus,
          nicolae_lakefront_shop, nicolae_lakefront_shop,
          nicolae_shop_behind_doors
D:4:      layout_basic, gammafunk_ghost_stat_death, serial_park_tiny_1
D:5:      lemuel_castle_with_subvaults [lemuel_castle_interior_original],
          layout_loops_corners

Notes
Turn   | Place    | Note
-------+----------+-------------------------------------------
     0 | D:1      | Faeu the Minotaur Berserker began the quest for the Orb.
     0 | D:1      | Reached XP level 1. HP: 19/19 MP: 0/0
     0 | D:1      | magus.rc [v1.9.6]
   167 | D:1      | Reached XP level 2. HP: 27/27 MP: 1/1
   250 | D:1      | You add the spells Sting, Poisonous Vapours and Olgreb's
                  | Toxic Radiance to your library.
   341 | D:1      | Reached skill level 4 in Axes
   566 | D:1      | Found a faded altar of an unknown god.
   777 | D:2      | Reached skill level 4 in Fighting
   836 | D:2      | Reached skill level 3 in Armour
   836 | D:2      | Reached XP level 3. HP: 26/33 MP: 2/2
  1037 | D:2      | Found Giecaezi's Antique Armour Emporium.
  1194 | D:2      | Reached ** piety under Trog
  1498 | D:3      | Reached skill level 3 in Dodging
  1576 | D:3      | Reached XP level 4. HP: 40/40 MP: 3/3
  1710 | D:3      | Found a shimmering altar of Xom.
  1860 | D:3      | Found Jiajah's Antique Armour Shop.
  1911 | D:3      | Found Ryonuy's Armour Shop.
  1958 | D:3      | Found Jemeq's Weapon Boutique.
  2220 | D:3      | Found a hide-covered altar of Uskayaw.
  2276 | D:3      | Found Effuplu's General Store.
  2391 | D:4      | Found a transporter.
  2397 | D:4      | Found a transporter.
  2434 | D:4      | Noticed hitsuchi's ghost (amateur DgFE)
  2447 | D:4      | Reached XP level 5. HP: 47/47 MP: 4/4
  2451 | D:4      | Reached skill level 4 in Armour
  2541 | D:4      | Reached skill level 5 in Axes
  2542 | D:4      | Reached skill level 5 in Fighting
  2820 | D:4      | Reached XP level 6. HP: 54/56 MP: 5/5
  2839 | D:4      | You pick up a book of the Wilderness {forbidden} and begin
                  | reading...
  2839 | D:4      | You add the spells Summon Forest, Summon Mana Viper and
                  | Summon Cactus Giant to your library.
  2850 | D:4      | You pick up a book of Dreams {forbidden} and begin
                  | reading...
  2850 | D:4      | You add the spells Ensorcelled Hibernation, Spider Form and
                  | Anguish to your library.
  3165 | D:4      | Reached skill level 4 in Dodging
  3208 | D:5      | Entered Level 5 of the Dungeon
  3236 | D:5      | HP: 21/84 [ogre/+0 giant club (21)]
  3273 | D:5      | HP: 12/56 [something (4)]
  3276 | D:5      | HP: 4/56 [centaur zombie (4)]
  3277 | D:5      | HP: 1/56 [centaur zombie (3)]
  3277 | D:5      | Slain by a centaur zombie

Vanquished Creatures
  A black bear (D:5)
  An ogre (D:5)
  An orc priest (D:4)
  3 orc wizards (D:4)
  4 gnolls (D:3)
  3 adders
  An adder skeleton (D:4)
  2 worms (D:2)
  6 dart slugs
  9 orcs
  3 endoplasms
  7 giant cockroaches
  10 goblins
  6 hobgoblins
  2 jackals (D:2)
  2 quokkas
  5 ball pythons
  6 bats
  5 frilled lizards
  6 kobolds
  4 rats
87 creatures vanquished.

Table legend:
 A = Non-vault XP
 B = Vault XP
 C = Vault XP percentage of total XP
 D = Non-vault monster count
 E = Vault monster count
 F = Vault count percentage of total count
                 A         B        C        D         E       F
            +---------+---------+-------+---------+---------+-------
      Total |     645 |       0 |   0.0 |      87 |       0 |   0.0
            +---------+---------+-------+---------+---------+-------
        D:1 |      30 |       0 |   0.0 |      15 |       0 |   0.0
        D:2 |      49 |       0 |   0.0 |      20 |       0 |   0.0
        D:3 |      93 |       0 |   0.0 |      25 |       0 |   0.0
        D:4 |     227 |       0 |   0.0 |      25 |       0 |   0.0
        D:5 |     246 |       0 |   0.0 |       2 |       0 |   0.0
            +---------+---------+-------+---------+---------+-------

Illustrated notes

Table legend:
 A = Kills in this place as a percentage of kills in entire the game.
 B = Kills by you in this place as a percentage of kills by you in the entire game.
 C = Kills by friends in this place as a percentage of kills by friends in the entire game.
 D = Other kills in this place as a percentage of other kills in the entire game.
 E = Experience gained in this place as a percentage of experience gained in the entire game.
 F = Experience gained in this place divided by the number of levels of this place that you have seen.
                   A       B       C       D       E      F
               +-------+-------+-------+-------+-------+----------------------
         Total | 100.0 | 100.0 |   N/A |   N/A | 100.0 | 129.0
       Dungeon | 100.0 | 100.0 |   N/A |   N/A | 100.0 | 129.0
               +-------+-------+-------+-------+-------+----------------------

Table legend: (Time is in decaauts)
 A = Elapsed time spent in this place.
 B = Non-inter-level travel time spent in this place.
 C = Inter-level travel time spent in this place.
 D = Time resting spent in this place.
 E = Time spent auto-exploring this place.
 F = Levels seen in this place.
 G = Mean time per level.
                   A        B        C        D        E       F      G
               +--------+--------+--------+--------+--------+-----+--------+
         Total |   3328 |   3278 |     50 |     39 |   2748 |   5 |  665.6 |
       Dungeon |   3328 |   3278 |     50 |     39 |   2748 |   5 |  665.6 |
               +--------+--------+--------+--------+--------+-----+--------+

Top non-repeatable levels by time:
     D:3: 898 daAuts
     D:4: 846 daAuts
     D:1: 772 daAuts
     D:2: 727 daAuts
     D:5: 83 daAuts
